[Event "Titled Tuesday Blitz May 10 Early 2022"]
[White "Stepanencu, Nicodim-Cosmin"]
[Black "Kozak, Antoni"]
[WhiteFideId "1256220"]
[BlackFideId "21832030"]
[WhiteElo "1945"]
[BlackElo "2322"]
[Result "0-1"]
[Round "06"]
[TimeControl "180+1"]
[Date "2022.05.11"]
[WhiteClock "0:00:03"]
[BlackClock "0:00:05"]

1. b3 d5 2. Bb2 Nf6 3. Nf3 Bg4 4. Ne5 Bf5 5. e3 Nbd7 6. c4 Nxe5 7. Bxe5 e6 8. Nc3 c6 9. cxd5 exd5 10. Qf3 Bg6 11. h4 Nd7 12. Bd4 h5 13. Rc1 Ba3 14. Rd1 f6 15. Qg3 Kf7 16. Ne2 Bc2 17. Nf4 Bd6 18. Rc1 Bf5 19. Be2 Qc7 20. Qf3 Bxf4 21. exf4 Qd6 22. Qg3 Rae8 23. d3 Bg4 24. f3 Bf5 25. Kf2 c5 26. Be3 d4 27. Bd2 Nb6 28. Rhe1 Nd5 29. Bd1 Bxd3 30. Rxe8 Rxe8 31. Qh3 Ne3 32. Bxe3 dxe3+ 33. Kg1 e2 34. Bxe2 Rxe2 35. Rd1 Qd4+ 36. Kh2 Qxf4+ 37. Kh1 Bf5 38. Rd7+ Kg6 0-1


[Site "https://www.chess.com"]

[Event "Titled Tuesday Blitz May 10 Early 2022"]
[White "Stevens, Christian"]
[Black "Rastbod, Ali"]
[WhiteFideId "2604450"]
[BlackFideId "12567477"]
[WhiteElo "2478"]
[BlackElo "2147"]
[Result "0-1"]
[Round "06"]
[TimeControl "180+1"]
[Date "2022.05.11"]
[WhiteClock "0:00:11"]
[BlackClock "0:00:54"]

1. d4 Nf6 2. c4 e6 3. Nc3 Bb4 4. e3 O-O 5. Nf3 d5 6. Bd3 c5 7. O-O cxd4 8. exd4 dxc4 9. Bxc4 b6 10. Bg5 Bb7 11. Ne5 Nc6 12. Ba6 Bxa6 13. Nxc6 Qd6 14. Nxb4 Bxf1 15. Bxf6 gxf6 16. Qg4+ Kh8 17. Rxf1 Qxb4 18. Qh4 Rg8 19. Qxf6+ Rg7 20. h4 Kg8 21. h5 Qxb2 22. d5 Rc8 23. dxe6 Qxc3 24. exf7+ Rxf7 25. Qe6 Qc6 0-1


[Site "https://www.chess.com"]

[Event "Titled Tuesday Blitz May 10 Early 2022"]
[White "Stoleriu, George"]
[Black "Hambleton, Aman"]
[WhiteFideId "1227505"]
[BlackFideId "2606577"]
[WhiteElo "2194"]
[BlackElo "2552"]
[Result "0-1"]
[Round "06"]
[TimeControl "180+1"]
[Date "2022.05.11"]
[WhiteClock "0:00:16"]
[BlackClock "0:00:04"]

1. e4 b6 2. d4 Bb7 3. Nc3 e6 4. Bd3 Nf6 5. Nge2 d5 6. e5 Ng8 7. Nb1 Qd7 8. c3 Ba6 9. f4 Bxd3 10. Qxd3 h5 11. O-O Nh6 12. Be3 c5 13. c4 dxc4 14. Qxc4 Nf5 15. Bf2 cxd4 16. Nxd4 Nxd4 17. Bxd4 Nc6 18. Bf2 Rc8 19. Qe4 Bc5 20. Nc3 Bxf2+ 21. Rxf2 Ne7 22. Rd1 Qc6 23. Qe2 Nf5 24. Ne4 Ke7 25. Nd6 Rcd8 26. Nxf5+ exf5 27. Rff1 g6 28. Qe3 Qc5 29. Qxc5+ bxc5 30. Kf2 Ke6 31. Ke2 Rb8 32. Rd2 Rhd8 33. Rfd1 Rxd2+ 34. Rxd2 Rb6 35. b3 Rb4 36. Kf3 a5 37. Rc2 Kd5 38. Rd2+ Rd4 39. Rc2 a4 40. bxa4 Rxa4 41. Rb2 Ra3+ 42. Ke2 Ke4 43. g3 h4 44. Kf2 hxg3+ 45. hxg3 c4 46. Rc2 Kd3 47. Rb2 c3 48. Rb7 Rxa2+ 49. Kf3 c2 50. Rd7+ Kc3 51. Rc7+ Kd2 52. Rd7+ Ke1 53. Rc7 Kd1 54. Rd7+ Ke1 55. Rc7 Ra3+ 56. Kg2 Kd2 57. Rd7+ Rd3 58. Rxf7 c1=Q 59. e6 Qe1 60. Kh3 Qh1# 0-1


[Site "https://www.chess.com"]

[Event "Titled Tuesday Blitz May 10 Early 2022"]
[White "Suleymanli, Aydin"]
[Black "Korchmar, Vasiliy"]
[WhiteFideId "13413937"]
[BlackFideId "24131750"]
[WhiteElo "2481"]
[BlackElo "2370"]
[Result "1-0"]
[Round "06"]
[TimeControl "180+1"]
[Date "2022.05.10"]
[WhiteClock "0:00:10"]
[BlackClock "0:00:03"]

1. e4 c5 2. Nf3 d6 3. d4 cxd4 4. Nxd4 Nf6 5. Nc3 Nc6 6. Be2 e5 7. Nb3 h6 8. f4 Be7 9. O-O O-O 10. f5 a6 11. a4 b6 12. Bf3 Bb7 13. Be3 Nb4 14. a5 b5 15. Bb6 Qc8 16. Qd2 Qc4 17. Be2 Qc8 18. Rac1 Bc6 19. Nxb5 d5 20. Nc7 Nxe4 21. Qe1 Rb8 22. c3 Ba4 23. cxb4 Bxb3 24. Nxd5 Qd7 25. Nxe7+ Qxe7 26. Bxa6 Bd5 27. b5 Qg5 28. Qe3 Qg4 29. h3 Qh4 30. Bc7 Ra8 31. Bxe5 Rfe8 32. Qf4 Qe7 33. Bd4 Qb4 34. Rcd1 Qxa5 35. Bxg7 Kxg7 36. f6+ Kh7 37. Rxd5 Qb6+ 38. Kh2 Ng5 39. Rd7 Re4 40. Qf5+ Kg8 41. Rc1 Qb8+ 42. Kh1 Qg3 43. Rdc7 Re1+ 44. Rxe1 Qxe1+ 45. Kh2 Re8 46. Rc8 Rxc8 47. Qxc8+ Kh7 48. Qf5+ Kg8 49. b6 Qb4 50. Qc8+ Kh7 51. Bd3+ 1-0


[Site "https://www.chess.com"]

[Event "Titled Tuesday Blitz May 10 Early 2022"]
[White "Suleymanli, Suleyman"]
[Black "Zemlyanskii, Ivan"]
[WhiteFideId "13416375"]
[BlackFideId "24249971"]
[WhiteElo "1598"]
[BlackElo "1815"]
[Result "1-0"]
[Round "06"]
[TimeControl "180+1"]
[Date "2022.05.11"]
[WhiteClock "0:00:08"]
[BlackClock "0:00:01"]

1. Nf3 Nf6 2. d4 b6 3. g3 e6 4. Bg2 Be7 5. O-O d5 6. c4 c6 7. Nc3 O-O 8. Bf4 Ba6 9. cxd5 cxd5 10. Ne5 Bb7 11. Rc1 a6 12. Qb3 b5 13. Na4 Nfd7 14. Nc5 Nxc5 15. dxc5 Nc6 16. Nf3 Bf6 17. Rfd1 Qd7 18. h4 e5 19. Bg5 Bxg5 20. Nxg5 Ne7 21. Qd3 f5 22. Qb3 h6 23. c6 Bxc6 24. Rxc6 Qxc6 25. Rxd5 Kh8 26. Rd1 e4 27. Ne6 Rf6 28. Nd4 Qc4 29. Qxc4 bxc4 30. Rc1 Rb8 31. Rxc4 Rxb2 32. a4 Nd5 33. Bh3 f4 34. Rc8+ Kh7 35. Rc5 fxg3 36. Bf5+ Rxf5 37. Nxf5 Rb1+ 38. Kg2 Nf4+ 39. Kxg3 Nxe2+ 40. Kh2 Rb2 41. Rc7 Kg6 42. Ng3 Nd4 43. Nxe4 Nf3+ 44. Kg3 Ne5 45. Ra7 Rb3+ 46. Kg2 Nd3 47. Rxa6+ Kf5 48. Ng3+ Ke5 49. Ra5+ Ke6 50. Ra8 Nf4+ 51. Kh2 Rb2 52. Ne4 Re2 53. Re8+ Kf5 54. Ng3+ 1-0


[Site "https://www.chess.com"]

[Event "Titled Tuesday Blitz May 10 Early 2022"]
[White "Taichman, Ori"]
[Black "Vasquez Schroeder, Rodrigo"]
[WhiteFideId "2804069"]
[BlackFideId "3400042"]
[WhiteElo "2227"]
[BlackElo "2567"]
[Result "0-1"]
[Round "06"]
[TimeControl "180+1"]
[Date "2022.05.10"]
[WhiteClock "0:00:11"]
[BlackClock "0:00:30"]

1. e4 c5 2. b3 g6 3. Bb2 Nf6 4. Qf3 Nc6 5. e5 Nh5 6. Bc4 e6 7. g4 Ng7 8. Ne2 h5 9. h3 a6 10. a4 Rb8 11. Na3 b6 12. O-O-O Bb7 13. Qe3 Nb4 14. Rhe1 Nd5 15. Bxd5 exd5 16. f4 hxg4 17. hxg4 d4 18. Qf2 Qh4 19. Ng3 Qh2 20. Qxh2 Rxh2 21. f5 Rg2 22. Rg1 Rh2 23. Nc4 Bd5 24. Nd6+ Kd8 25. Rde1 Kc7 26. Nge4 Bxe4 27. Nxe4 gxf5 28. gxf5 Nxf5 29. Rgf1 Nh6 30. Ng5 Re8 31. Nxf7 Nxf7 32. Rxf7 Rxe5 33. Ref1 Bd6 34. c3 Ree2 35. cxd4 Rxd2 36. Bc3 Rc2+ 37. Kb1 Rxc3 38. dxc5 Rxb3+ 39. Kc1 Bxc5 40. a5 Ba3+ 0-1


[Site "https://www.chess.com"]

[Event "Titled Tuesday Blitz May 10 Early 2022"]
[White "Tanenbaum, Zachary"]
[Black "Raahul V S"]
[WhiteFideId "2060850"]
[BlackFideId "25035525"]
[WhiteElo "2168"]
[BlackElo "2185"]
[Result "0-1"]
[Round "06"]
[TimeControl "180+1"]
[Date "2022.05.11"]
[WhiteClock "0:00:03"]
[BlackClock "0:00:08"]

1. e4 e5 2. Nf3 Nc6 3. Bc4 Nf6 4. d3 Bc5 5. c3 O-O 6. Nbd2 d6 7. a4 a6 8. Nf1 d5 9. exd5 Nxd5 10. Ng3 Bg4 11. h3 Be6 12. O-O Nf4 13. Nxe5 Nxh3+ 14. gxh3 Nxe5 15. Ne4 Be7 16. Bxe6 fxe6 17. f4 Nxd3 18. Rf3 Nc5 19. Qe2 Qd5 20. Nxc5 Bxc5+ 21. Be3 e5 22. Rd1 Qc6 23. Rf2 Bxe3 24. Qxe3 exf4 25. Rxf4 h6 26. Rdf1 Qg6+ 27. Kh2 Qd6 28. Qg3 Rxf4 29. Rxf4 Re8 30. Rf2 Qxg3+ 31. Kxg3 Re4 32. a5 Re5 33. Rd2 Rxa5 34. Rd8+ Kh7 35. Rd7 Rc5 36. Kf4 a5 37. Ke4 a4 38. Kd4 b6 39. c4 Rc6 40. Kd5 Rc5+ 41. Kd4 h5 42. h4 Kh6 43. Rd8 g5 44. Rh8+ Kg6 45. hxg5 Kxg5 46. Rg8+ Kf4 47. Rf8+ Kg4 48. Rg8+ Rg5 49. Rc8 c5+ 50. Ke4 h4 51. Rd8 h3 52. Rd1 h2 53. Rh1 Kh3 54. Kf3 Rg1 55. Rxh2+ Kxh2 56. Ke4 Rd1 57. Ke5 Rd4 58. b3 axb3 59. Ke6 b2 60. Ke5 b1=Q 0-1


[Site "https://www.chess.com"]

[Event "Titled Tuesday Blitz May 10 Early 2022"]
[White "Terry, Renato"]
[Black "Samadov, Read"]
[WhiteFideId "3803457"]
[BlackFideId "13417444"]
[WhiteElo "2577"]
[BlackElo "2084"]
[Result "1/2-1/2"]
[Round "06"]
[TimeControl "180+1"]
[Date "2022.05.10"]
[WhiteClock "0:00:26"]
[BlackClock "0:01:21"]

1. d4 Nf6 2. Bg5 d5 3. Bxf6 exf6 4. e3 c6 5. c4 dxc4 6. Bxc4 Bd6 7. Nc3 O-O 8. Qc2 f5 9. Nf3 g6 10. h4 Nd7 11. h5 Nf6 12. hxg6 hxg6 13. O-O-O Kg7 14. Kb1 Bd7 15. Ne5 Qe7 16. f4 Be6 17. Qb3 Bxc4 18. Qxc4 Rh8 19. a3 Rad8 20. Qa4 a6 21. Qc4 Bb8 22. Qb3 Ba7 23. Ka1 Bb8 24. Kb1 Ba7 25. Ka1 Bb8 26. Qb6 Bd6 27. Kb1 Bb8 28. Rc1 Bd6 29. Rcd1 Bb8 30. Rc1 Bd6 31. Rcd1 1/2-1/2


[Site "https://www.chess.com"]

[Event "Titled Tuesday Blitz May 10 Early 2022"]
[White "Todorovic, Bojan"]
[Black "Ljukin, Sergei"]
[WhiteFideId "917087"]
[BlackFideId "14102200"]
[WhiteElo "2266"]
[BlackElo "2312"]
[Result "0-1"]
[Round "06"]
[TimeControl "180+1"]
[Date "2022.05.11"]
[WhiteClock "0:00:09"]
[BlackClock "0:00:14"]

1. d4 d5 2. c4 c6 3. Nf3 Nf6 4. e3 e6 5. Nc3 Nbd7 6. Qc2 Bd6 7. b3 O-O 8. Be2 e5 9. cxd5 Nxd5 10. Nxd5 cxd5 11. dxe5 Nxe5 12. Nxe5 Bxe5 13. Bb2 Qa5+ 14. Kf1 Bf5 15. Qxf5 Bxb2 16. Rb1 Qxa2 17. h4 g6 18. Qd3 Rac8 19. Rd1 Rc3 20. Qxd5 Qxb3 21. Qd2 Rc2 22. Qd6 Bc3 23. h5 Qb2 24. Qd3 Rd2 25. Rxd2 Qxd2 26. hxg6 Qe1# 0-1


[Site "https://www.chess.com"]

[Event "Titled Tuesday Blitz May 10 Early 2022"]
[White "Toncheva, Nadya"]
[Black "Sharbaf, Mohsen"]
[WhiteFideId "2924056"]
[BlackFideId "12501808"]
[WhiteElo "1888"]
[BlackElo "2187"]
[Result "1-0"]
[Round "06"]
[TimeControl "180+1"]
[Date "2022.05.11"]
[WhiteClock "0:00:05"]
[BlackClock "0:00:01"]

1. e4 c5 2. Nf3 e6 3. c3 Nf6 4. e5 Nd5 5. d4 cxd4 6. cxd4 Nc6 7. Bc4 d6 8. Qe2 dxe5 9. dxe5 Bb4+ 10. Bd2 O-O 11. O-O b6 12. a3 Bxd2 13. Nbxd2 Bb7 14. Rad1 Nce7 15. Ne4 Nf5 16. Nd4 Nxd4 17. Rxd4 Nf4 18. Qd2 Qh4 19. Ng3 g5 20. f3 Rac8 21. Bd3 Kg7 22. Be4 Ba6 23. Rd1 Rc5 24. Ra4 Bc4 25. Rxa7 Rxe5 26. Rc1 Bd5 27. Qd4 Ng6 28. Rd1 Qf4 29. Nh5+ Kh6 30. Nxf4 gxf4 31. Bxg6 Rg5 32. Bxf7 Bxf3 33. Qf6+ 1-0


[Site "https://www.chess.com"]

[Event "Titled Tuesday Blitz May 10 Early 2022"]
[White "Tuleyeva-Aketayeva, Dana"]
[Black "Miszler, Levente"]
[WhiteFideId "13701932"]
[BlackFideId "763276"]
[WhiteElo "1875"]
[BlackElo "1966"]
[Result "1/2-1/2"]
[Round "06"]
[TimeControl "180+1"]
[Date "2022.05.11"]
[WhiteClock "0:00:20"]
[BlackClock "0:00:25"]

1. d4 Nf6 2. Nf3 g6 3. g3 Bg7 4. Bg2 O-O 5. O-O d6 6. c4 Nbd7 7. Nc3 e5 8. dxe5 dxe5 9. Bg5 c6 10. Ne4 h6 11. Bxf6 Nxf6 12. Nd6 Qe7 13. Nxc8 Raxc8 14. Qb3 Rfd8 15. Rfd1 e4 16. Ne1 b6 17. Bh3 Rb8 18. Nc2 Nd7 19. Bxd7 Rxd7 20. Ne3 Rbd8 21. Rxd7 Rxd7 22. Rd1 Bd4 23. Kg2 Qc5 24. Ng4 Qg5 25. e3 Qxg4 26. exd4 Qe2 27. d5 e3 28. Rf1 exf2 29. Rxf2 Qe4+ 30. Qf3 Qxf3+ 31. Kxf3 cxd5 32. Rd2 Kf8 33. cxd5 Ke7 34. Ke4 Kd6 35. Kd4 Rc7 36. Rf2 f5 37. Re2 Kd7 38. Re6 Rc2 39. Rxg6 Rxh2 40. Rg7+ Kd6 41. Rg6+ Kd7 42. Rg7+ Kd6 43. Rg6+ Kd7 1/2-1/2


[Site "https://www.chess.com"]

[Event "Titled Tuesday Blitz May 10 Early 2022"]
[White "Turutin, Alexander"]
[Black "Estrada Nieto, Julian"]
[WhiteFideId "4180623"]
[BlackFideId "5101018"]
[WhiteElo "2402"]
[BlackElo "2252"]
[Result "1-0"]
[Round "06"]
[TimeControl "180+1"]
[Date "2022.05.11"]
[WhiteClock "0:00:44"]
[BlackClock "0:00:07"]

1. e4 e5 2. Nf3 Nc6 3. Bb5 a6 4. Ba4 Nf6 5. O-O Be7 6. Re1 b5 7. Bb3 d6 8. c3 O-O 9. h3 Bb7 10. d4 Re8 11. Nbd2 Bf8 12. Bc2 h6 13. a3 Nb8 14. b4 Nbd7 15. Bb2 c6 16. c4 Qc7 17. cxb5 axb5 18. Bd3 Qb6 19. Qb3 Rab8 20. Qa2 Ra8 21. Bc2 c5 22. bxc5 dxc5 23. dxe5 Nh7 24. Qb1 g6 25. h4 h5 26. Bc3 Bg7 27. Qb2 Re6 28. Red1 Rae8 29. Nc4 bxc4 30. Rxd7 Qxb2 31. Bxb2 Bc6 32. Rc7 Rb8 33. Bc3 Nf8 34. a4 Ba8 35. Ng5 Bxe5 36. Bxe5 Rxe5 37. Nxf7 Ne6 38. Ra7 Nd4 39. Nxe5 Nxc2 40. Rc1 Bxe4 41. Nd7 Rb2 42. Nf6+ Kf8 43. Nxe4 Nd4 44. Rxc4 Ne2+ 45. Kh2 Nf4 46. Rxc5 1-0


[Site "https://www.chess.com"]

[Event "Titled Tuesday Blitz May 10 Early 2022"]
[White "Valle Maytin, Luis Enrique"]
[Black "De Arruda, Leandro Formes"]
[WhiteFideId "3503666"]
[BlackFideId "22722009"]
[WhiteElo "2273"]
[BlackElo "1852"]
[Result "1-0"]
[Round "06"]
[TimeControl "180+1"]
[Date "2022.05.11"]
[WhiteClock "0:00:59"]
[BlackClock "0:00:02"]

1. e4 e6 2. d4 d5 3. Bd3 dxe4 4. Bxe4 Nd7 5. Ne2 Ngf6 6. Bf3 Be7 7. O-O O-O 8. c3 c5 9. Be3 cxd4 10. cxd4 Nb6 11. Nbc3 Nbd5 12. Nxd5 Nxd5 13. Nc3 Nxe3 14. fxe3 Rb8 15. Qe2 a6 16. Rfd1 Qa5 17. e4 b5 18. a3 Bb7 19. b4 Qc7 20. Rac1 Qb6 21. Kh1 Rfd8 22. d5 exd5 23. exd5 Bf6 24. Ne4 Be5 25. Nc5 Bd6 26. g3 Re8 27. Qd3 Rbd8 28. Qf5 Re5 29. Qg4 a5 30. Nd7 Qe3 31. Nxe5 Qxe5 32. Bg2 axb4 33. axb4 f5 34. Qh4 Be7 35. Qd4 Qd6 36. Rc5 Bf6 37. Qd3 Qd7 38. Qxb5 Qe7 39. d6 Rxd6 40. Rxd6 Qxd6 41. Qe8+ Qf8 42. Qe6+ Kh8 43. Bxb7 Bd8 44. Rc8 h6 45. Bd5 Kh7 46. Bc4 Qxb4 47. Qxf5+ g6 48. Qf7+ Kh8 49. Qg8# 1-0


[Site "https://www.chess.com"]

[Event "Titled Tuesday Blitz May 10 Early 2022"]
[White "Vignesh, N R"]
[Black "Babazada, Khazar"]
[WhiteFideId "25012215"]
[BlackFideId "13413554"]
[WhiteElo "2363"]
[BlackElo "2406"]
[Result "0-1"]
[Round "06"]
[TimeControl "180+1"]
[Date "2022.05.10"]
[WhiteClock "0:00:33"]
[BlackClock "0:01:30"]

1. d4 Nf6 2. c4 g6 3. g3 Bg7 4. Bg2 O-O 5. Nc3 d6 6. Nf3 Nc6 7. O-O a6 8. b3 Rb8 9. d5 Na7 10. Bg5 c5 11. dxc6 Nxc6 12. Rc1 Bd7 13. Qd2 b5 14. cxb5 axb5 15. Rfd1 b4 16. Na4 Ne4 17. Qe3 Nxg5 18. Nxg5 Ne5 19. Nb2 Qa5 20. Nc4 Qxa2 21. Nxe5 Bxe5 22. Rc7 Bb5 23. Rxe7 Qxe2 24. Qxe2 Bxe2 25. Re1 Bb5 26. Bd5 Bf6 27. Rxf7 Bxg5 28. Rf5+ Kg7 29. Rxg5 Rbe8 30. Rxe8 Rxe8 31. h4 Bd7 32. Kg2 h6 0-1


[Site "https://www.chess.com"]

[Event "Titled Tuesday Blitz May 10 Early 2022"]
[White "Xiong, Jeffery"]
[Black "Bacrot, Etienne"]
[WhiteFideId "2047640"]
[BlackFideId "605506"]
[WhiteElo "2727"]
[BlackElo "2673"]
[Result "1/2-1/2"]
[Round "06"]
[TimeControl "180+1"]
[Date "2022.05.10"]
[WhiteClock "0:00:06"]
[BlackClock "0:00:07"]

1. e4 c5 2. f3 Nc6 3. c3 d5 4. d4 e6 5. Be3 cxd4 6. cxd4 dxe4 7. fxe4 Qh4+ 8. Kd2 Qxe4 9. Nc3 Bb4 10. Nf3 Nf6 11. Bd3 Qg4 12. Qe2 O-O 13. h3 Qg3 14. Kc2 Bd7 15. Rac1 Bxc3 16. bxc3 Rfc8 17. Kb1 Ne7 18. c4 Bc6 19. Ka1 Be4 20. Bxe4 Nxe4 21. Rhf1 Nf5 22. Bg1 Nf6 23. Bh2 Qg6 24. g4 Ne7 25. Ne5 Qe4 26. Qxe4 Nxe4 27. Rxf7 Nc6 28. Rxb7 Nxd4 29. Nd3 Nc6 30. Nf4 e5 31. Ne6 Rab8 32. Rxg7+ Kh8 33. Rd7 Rb4 34. Rf1 Rcb8 35. Nd8 Rxd8 36. Rxd8+ Nxd8 37. Rf8+ Kg7 38. Rxd8 Kf7 39. Bxe5 Rxc4 40. Kb2 Nf2 41. Rh8 Kg6 42. Rg8+ Kf7 43. Rh8 Kg6 44. Rg8+ Kf7 45. Rg7+ Ke6 46. Bc3 Nxh3 47. Rxh7 Nf2 48. Rh6+ Kd7 49. Kb3 Rxg4 50. Ra6 Kc7 51. Rxa7+ Kb8 52. Rd7 Ne4 53. Bd4 Rg3+ 54. Kc4 Rg4 55. Kb5 Kc8 56. Rd5 Rg5 57. Rxg5 Nxg5 58. Kc6 Kb8 59. Kd5 Nf3 60. Bc3 Kb7 61. a4 Ka6 62. Kc4 Kb7 63. Kd5 Ka8 64. Kc6 Nh4 65. Bd4 Ng6 66. Kd6 Nf8 67. Be3 Ng6 68. Bg5 Nh4 69. Bxh4 Ka7 70. Be1 Ka8 71. Kc7 Ka7 72. a5 Ka8 73. Bf2 1/2-1/2


[Site "https://www.chess.com"]

[Event "Titled Tuesday Blitz May 10 Early 2022"]
[White "Yilmaz, Mustafa"]
[Black "Andreikin, Dmitry"]
[WhiteFideId "6302718"]
[BlackFideId "4158814"]
[WhiteElo "2568"]
[BlackElo "2736"]
[Result "1-0"]
[Round "06"]
[TimeControl "180+1"]
[Date "2022.05.10"]
[WhiteClock "0:00:40"]
[BlackClock "0:00:55"]

1. d4 d5 2. c4 e6 3. Nc3 a6 4. cxd5 exd5 5. Nf3 Nf6 6. Bg5 Be6 7. e3 Nbd7 8. h3 Bd6 9. Bd3 c6 10. Bf4 Qb8 11. Bxd6 Qxd6 12. O-O O-O 13. Qb3 Rfe8 14. a4 a5 15. Qa3 Qb8 16. b4 axb4 17. Qxb4 Nf8 18. Rfb1 Ra7 19. Ne5 Ng6 20. Nxc6 Qc7 21. Nxa7 Bxh3 22. Nab5 Qc8 23. Qd6 Bxg2 24. Bxg6 Bf3 25. Qg3 fxg6 26. Qxf3 Rf8 27. Nxd5 Kh8 28. Rc1 Qd8 29. Nxf6 Rxf6 30. Qxb7 Rf8 31. Qg2 h5 32. a5 Rf5 33. Rc5 1-0


[Site "https://www.chess.com"]

[Event "Titled Tuesday Blitz May 10 Early 2022"]
[White "Yuan, Qingyu"]
[Black "Visakh N R"]
[WhiteFideId "8609772"]
[BlackFideId "25012223"]
[WhiteElo "2359"]
[BlackElo "2448"]
[Result "1/2-1/2"]
[Round "06"]
[TimeControl "180+1"]
[Date "2022.05.10"]
[WhiteClock "0:00:42"]
[BlackClock "0:01:49"]

1. e4 c5 2. Nf3 d6 3. Bb5+ Bd7 4. c4 g6 5. Nc3 Bg7 6. O-O Nf6 7. Bxd7+ Nfxd7 8. d4 cxd4 9. Nxd4 Nc6 10. Be3 O-O 11. Rc1 Nde5 12. b3 Rc8 13. h3 a6 14. Nd5 Nd7 15. Qd2 e6 16. Bg5 Nf6 17. Nxf6+ Bxf6 18. Bxf6 Qxf6 19. Nxc6 Rxc6 20. Rfd1 Rfc8 21. a4 Qe5 22. Qe3 b5 23. cxb5 axb5 24. Rxc6 Rxc6 25. Qd4 Qxd4 26. Rxd4 Rc1+ 27. Kh2 bxa4 28. bxa4 Ra1 29. Rxd6 Rxa4 30. f3 h5 31. h4 1/2-1/2


[Site "https://www.chess.com"]

[Event "Titled Tuesday Blitz May 10 Early 2022"]
[White "Zherebtsova, Alexandra"]
[Black "Melikyan, Gnel"]
[WhiteFideId "24129518"]
[BlackFideId "54109990"]
[WhiteElo "2025"]
[BlackElo "1772"]
[Result "1-0"]
[Round "06"]
[TimeControl "180+1"]
[Date "2022.05.11"]
[WhiteClock "0:00:50"]
[BlackClock "0:01:31"]

1. d4 d5 2. Nf3 c6 3. c4 Nf6 4. e3 Bf5 5. Nbd2 e6 6. b3 Bb4 7. Bb2 Ne4 8. Rc1 Qa5 9. a3 Bxa3 10. Ra1 Bxb2 11. Rxa5 Nc3 12. e4 dxe4 13. Qc2 e3 14. Rxf5 exf5 15. fxe3 1-0


[Site "https://www.chess.com"]

[Event "Titled Tuesday Blitz May 10 Early 2022"]
[White "talman67"]
[Black "Petrov, Martin"]
[BlackFideId "2911086"]
[WhiteElo "2297"]
[BlackElo "2343"]
[Result "1-0"]
[Round "06"]
[TimeControl "180+1"]
[Date "2022.05.11"]
[WhiteClock "0:00:15"]
[BlackClock "0:00:04"]

1. e4 e5 2. Nf3 Nc6 3. Bb5 Nf6 4. d3 Bc5 5. c3 O-O 6. Bg5 h6 7. Bh4 d6 8. O-O Bb6 9. Nbd2 g5 10. Bg3 Nh7 11. d4 Qf6 12. Nc4 exd4 13. Bxc6 bxc6 14. e5 dxe5 15. Bxe5 Qg6 16. Nxd4 Ba6 17. Qa4 Bxd4 18. Bxd4 Bb5 19. Qb4 Qe6 20. b3 Rfe8 21. h3 Nf6 22. Rfe1 Qxe1+ 23. Rxe1 Rxe1+ 24. Kh2 Nd5 25. Qc5 Nb6 26. Ne3 Nd7 27. Qe7 c5 28. Bxc5 Bc6 29. Bd4 Rf8 30. h4 f6 31. Qe6+ Rf7 32. Qxc6 Nf8 33. Bxf6 gxh4 34. Bxh4 Re2 35. a4 Rb2 36. b4 Kh7 37. Qe4+ Ng6 38. Bg3 h5 39. Qe6 Re7 40. Qf5 Kh6 41. Qf6 Rd2 42. Nf5+ 1-0


[Site "https://www.chess.com"]

[Event "Titled Tuesday Blitz May 10 Early 2022"]
[White "Agasarov, Benik"]
[Black "Toncheva, Nadya"]
[WhiteFideId "13314823"]
[BlackFideId "2924056"]
[WhiteElo "2573"]
[BlackElo "1888"]
[Result "1-0"]
[Round "07"]
[TimeControl "180+1"]
[Date "2022.05.11"]
[WhiteClock "0:00:11"]
[BlackClock "0:00:01"]

1. Nf3 c5 2. g3 Nc6 3. Bg2 g6 4. O-O Bg7 5. c3 e6 6. d4 cxd4 7. cxd4 Nge7 8. Nc3 d5 9. Bf4 a6 10. Qd2 Nf5 11. e3 O-O 12. g4 Nd6 13. Bxd6 Qxd6 14. h3 b5 15. e4 b4 16. Ne2 dxe4 17. Ng5 f5 18. h4 Nxd4 19. Nxd4 Qxd4 20. Qxd4 Bxd4 21. Rad1 e5 22. Kh1 h6 23. Nh3 Be6 24. Ng1 Bxa2 25. Rd2 Rfd8 26. Ne2 Bc4 27. Rfd1 Bxe2 28. Rxe2 Rac8 29. f3 e3 30. gxf5 gxf5 31. Bh3 Rf8 32. f4 Rcd8 33. Rg1+ Kh7 34. Rc2 Rd7 35. fxe5 Bxe5 36. Rc5 Re7 37. Bf1 Bd4 38. Rd5 Ba7 39. Be2 Rff7 40. Rd6 Rd7 41. Rxa6 Rd2 42. Bh5 Re7 43. Bg6+ Kh8 44. Bxf5 Rd6 45. Rxd6 Rg7 46. Rd8+ 1-0


[Site "https://www.chess.com"]

[Event "Titled Tuesday Blitz May 10 Early 2022"]
[White "Aggelis, Nikolaos"]
[Black "Shtyka, Sergey"]
[WhiteFideId "4213220"]
[BlackFideId "4138465"]
[WhiteElo "2154"]
[BlackElo "2014"]
[Result "0-1"]
[Round "07"]
[TimeControl "180+1"]
[Date "2022.05.11"]
[WhiteClock "0:01:24"]
[BlackClock "0:00:55"]

1. d4 c5 2. d5 e5 3. Nc3 d6 4. Nf3 Be7 5. Nd2 Nf6 6. e4 O-O 7. a4 Nbd7 8. Bd3 Re8 9. O-O Nf8 10. Nc4 Ng6 11. a5 Bd7 12. Kh1 Bf8 13. g3 Bh3 14. Rg1 Qd7 15. f3 h5 16. Bg5 Be7 17. Qe2 Nxd5 18. Nxd5 Bxg5 19. Qf2 Ne7 20. f4 Nxd5 21. exd5 exf4 22. gxf4 Bf6 23. f5 Bd4 24. Qg3 Bxf5 25. Bxf5 Qxf5 26. Nxd6 Qxd5+ 27. Rg2 Be5 28. c4 Bxg3 29. cxd5 Bxd6 0-1


[Site "https://www.chess.com"]

[Event "Titled Tuesday Blitz May 10 Early 2022"]
[White "Ajay Krishna, S"]
[Black "Hua, Lefong"]
[WhiteFideId "5096430"]
[BlackFideId "2602253"]
[WhiteElo "2247"]
[BlackElo "2608"]
[Result "1-0"]
[Round "07"]
[TimeControl "180+1"]
[Date "2022.05.11"]
[WhiteClock "0:01:04"]
[BlackClock "0:00:58"]

1. d4 Nf6 2. c4 g6 3. Nf3 Bg7 4. g3 O-O 5. Bg2 d6 6. O-O Nc6 7. Nc3 a6 8. d5 Na5 9. Nd2 c5 10. Qc2 Rb8 11. b3 b5 12. Bb2 e6 13. e4 exd5 14. cxd5 Re8 15. Rae1 Bd7 16. h3 b4 17. Nd1 Bb5 18. Nc4 Bxc4 19. bxc4 Nd7 20. f4 Bxb2 21. Nxb2 b3 22. axb3 Nxb3 23. Nd3 Nd4 24. Qd1 Qc7 25. h4 Rb3 26. h5 Rc3 27. hxg6 hxg6 28. f5 Ne5 29. Nf4 Rxg3 30. fxg6 Nxg6 31. Nh5 Rg5 32. Nf6+ Kf8 33. Nh7+ Kg8 34. Nxg5 Re7 35. Qh5 Nf8 36. Re3 f6 37. Rh3 Ne2+ 38. Qxe2 fxg5 39. Qh5 1-0


[Site "https://www.chess.com"]

[Event "Titled Tuesday Blitz May 10 Early 2022"]
[White "Ambartsumova, Karina"]
[Black "Mikhalsky, Vladimir"]
[WhiteFideId "4166299"]
[BlackFideId "14144352"]
[WhiteElo "2262"]
[BlackElo "2301"]
[Result "0-1"]
[Round "07"]
[TimeControl "180+1"]
[Date "2022.05.11"]
[WhiteClock "0:00:06"]
[BlackClock "0:00:17"]

1. e4 g6 2. d4 Bg7 3. Nc3 d6 4. f4 Nf6 5. Nf3 O-O 6. Be3 Nbd7 7. e5 Ng4 8. Bg1 c5 9. Ng5 cxd4 10. Nd5 Qa5+ 11. b4 Qxd5 12. Qxg4 dxe5 13. Qf3 Qd6 14. a3 exf4 15. Kd2 d3 16. c3 Qe5 17. Ne4 f5 18. Bd4 Qxe4 19. Bxd3 Qxf3 20. gxf3 Bxd4 21. cxd4 e5 22. Rhe1 Re8 23. Bc4+ Kf8 24. Bb5 e4 25. fxe4 fxe4 26. Rac1 e3+ 27. Kd3 a6 28. Ba4 b5 29. Bb3 Bb7 30. Rc7 Be4+ 31. Ke2 Re7 32. Rf1 g5 33. h4 h6 34. hxg5 hxg5 35. Rg1 Rg7 36. Be6 Rd8 37. d5 Nb6 38. Rxg7 Kxg7 39. Rxg5+ Kf6 40. Rg4 Ke5 41. Rg5+ Kd4 42. d6 Nd5 43. Bxd5 Bxd5 44. Rg4 Ke4 45. d7 Bc4+ 46. Ke1 Rxd7 47. Rg6 Kf3 48. Rxa6 Bb3 0-1


[Site "https://www.chess.com"]